 Dungeon Crawl Stone Soup version 0.21-a0-642-g5d013b2 (webtiles) character file.

542 RebelPilot31 the Shield-Bearer (level 7, -6/60 HPs)
             Began as a Minotaur Fighter on Dec 30, 2017.
             Killed by the air
             ... invoked by RedSky's ghost
              (13 damage)
             ... on level 4 of the Dungeon.
             The game lasted 00:11:54 (2728 turns).

RebelPilot31 the Shield-Bearer (Minotaur Fighter)   Turns: 2728, Time: 00:11:55

Health: -6/60      AC: 12    Str: 23    XL:     7   Next: 6%
Magic:  6/6        EV:  5    Int:  5    God:
Gold:   131        SH: 10    Dex:  9    Spells: 6/6 levels left

rFire    . . .     SeeInvis .   m - +1 hand axe (flame)
rCold    + . .     Gourm    .   c - +1 shield
rNeg     . . .     Faith    .   l - +2 chain mail
rPois    .         Spirit   .   (helmet restricted)
rElec    .         Reflect  .   (no cloak)
rCorr    .         Harm     .   (no gloves)
MR       .....                  b - +0 pair of boots
Stlth    ..........             (no amulet)
HPRegen  0.20/turn              e - ring of protection from cold
MPRegen  0.10/turn              (no ring)

@: heavily drained
A: retaliatory headbutt, horns 2
a: no special abilities


You were on level 4 of the Dungeon.
You were not hungry.

You visited 1 branch of the dungeon, and saw 4 of its levels.

You collected 131 gold pieces.

Inventory:

Hand Weapons
 m - a +1 hand axe of flaming (weapon)
Armour
 b - a +0 pair of boots (worn)
 c - a +1 shield (worn)
 l - a +2 chain mail (worn)
Jewellery
 e - a ring of protection from cold (left hand)
Scrolls
 a - a scroll of identify
 d - 3 scrolls of remove curse
Potions
 g - 2 potions of ambrosia {unknown}
 h - 2 potions of curing {unknown}
 i - a potion of brilliance {unknown}
 n - a potion of agility {unknown}
 o - a potion of lignification {unknown}
 p - a potion of heal wounds {unknown}
Comestibles
 f - 5 rations


   Skills:
 * Level 4.8(1.9) Fighting
 + Level 1.3(0.6) Axes
   Level 4.9(2.2) Maces & Flails
 * Level 5.5(2.6) Armour
 - Level 1.9(0.0) Dodging
 - Level 0.4(0.0) Stealth
 * Level 6.0(3.0) Shields


You had 6 spell levels left.
You didn't know any spells.

Dungeon Overview and Level Annotations

Branches:
Dungeon (4/15)
 Temple: D:4-7

Altars:
Fedhas
Gozag
Ru
Xom

Shops:
D:2 *

Annotations:
D:4 RedSky's ghost, novice DrAE


Innate Abilities, Weirdness & Mutations

You reflexively headbutt those who attack you in melee.
You have a pair of horns on your head.


Message History

You hit RedSky's ghost.
RedSky's ghost is heavily damaged.
RedSky's ghost hits you but does no damage.
You feel drained. RedSky's ghost hits you.
* * * LOW HITPOINT WARNING * * *
You feel drained.
You hit RedSky's ghost but do no damage.
RedSky's ghost is heavily damaged.
You block RedSky's ghost's attack.
Your shield and chain mail prevent you from hitting RedSky's ghost.
RedSky's ghost is heavily damaged.
You block RedSky's ghost's attack. x2
You closely miss RedSky's ghost.
RedSky's ghost is heavily damaged.
You block RedSky's ghost's attack.
You hit RedSky's ghost but do no damage.
RedSky's ghost is heavily damaged.
RedSky's ghost waves its arms in wide circles.
The air twists around and strikes you!
You die...

.....##...##................#####
..........###...............# ##
...........###...............# #.
........#..###......######...###.
#.......##..###.....# ###.....
#..#...###.8........# #.....
#.###..# ##.........## ##..## ..
#..# #..........# #.### . ##.##
#.8.P.@.# ###.... #..###...#.W##
....... . ##......###..## .......
..###.......# #...# ###....
...........## ##..# #.....
..........#####...### .......
....................# .......
<........................ .......
#........................ ....###


You could see RedSky's ghost.

Vanquished Creatures
  The ghost of RedSky the Digger, an amateur DrEE (D:3)
  2 bullfrog zombies (D:4)
  An orc priest (D:4)
  3 orc wizards
  A bullfrog skeleton (D:4)
  A worker ant (D:3)
  4 adders (D:2)
  7 oozes
  A worm (D:3)
  3 dart slugs
  4 leopard geckos (D:2)
  7 orcs (D:3)
  3 giant cockroaches
  6 goblins
  9 hobgoblins
  6 jackals
  2 quokkas (D:3)
  2 ball pythons (D:2)
  13 bats
  9 frilled lizards
  A giant cockroach zombie (D:4)
  A jackal skeleton (D:4)
  8 kobolds
  8 rats
103 creatures vanquished.

Vanquished Creatures (others)
  A bullfrog skeleton (D:4)
1 creature vanquished.

Grand Total: 104 creatures vanquished

Notes
Turn   | Place    | Note
-------+----------+-------------------------------------------
     0 | D:1      | RebelPilot31 the Minotaur Fighter began the quest for the Orb.
     0 | D:1      | Reached XP level 1. HP: 19/19 MP: 0/0
   159 | D:1      | Reached XP level 2. HP: 24/27 MP: 1/1
   249 | D:1      | Reached skill level 4 in Shields
   537 | D:1      | Reached XP level 3. HP: 16/33 MP: 2/2
  1046 | D:2      | Found Gozag's Platinum Reserve.
  1055 | D:2      | Reached XP level 4. HP: 32/40 MP: 3/3
  1140 | D:2      | Reached skill level 1 in Dodging
  1203 | D:2      | Found an opulent altar of Gozag.
  1368 | D:2      | Found a sacrificial altar of Ru.
  1384 | D:2      | Reached XP level 5. HP: 44/46 MP: 4/4
  1507 | D:2      | Found a blossoming altar of Fedhas.
  1601 | D:3      | Noticed RedSky's ghost (amateur DrEE)
  1612 | D:3      | Killed RedSky's ghost
  1612 | D:3      | Reached XP level 6. HP: 25/53 MP: 5/5
  1612 | D:3      | Reached skill level 5 in Shields
  1787 | D:3      | Reached skill level 5 in Armour
  2183 | D:3      | Found a shimmering altar of Xom.
  2556 | D:4      | Reached skill level 1 in Axes
  2605 | D:4      | Reached XP level 7. HP: 57/60 MP: 6/6
  2692 | D:4      | Noticed RedSky's ghost (novice DrAE)
  2710 | D:4      | Reached skill level 6 in Shields
  2728 | D:4      | Killed from afar by RedSky's ghost

Vault maps used:
D:1:      minmay_arrival_up_and_down
D:2:      nicolae_ru_great_annihilating_truth, marbit_many_paths,
          nicolae_gozag_zags_fifth_avenue
D:3:      first_ration, tgw_xom
D:4:      serial_undead, serial_undead_a, serial_undead_e, serial_undead_c,
          serial_undead_b, serial_undead_a, serial_undead_e, serial_undead_f,
          serial_undead_a, serial_undead_f, serial_undead_c

Skill      XL: |  1  2  3  4  5  6  7 |
---------------+----------------------+-----
Armour         | 4 5 |  5.5
Shields        | 4 5 6 |  6.0
Maces & Flails | 3 4 |  4.9
Fighting       | 4 |  4.8
Dodging        | 1 |  1.9
Axes           | 1 |  1.3
Stealth        | |  0.4

Action                   |  1- 3 |  4- 6 |  7- 9 || total
-------------------------+-------+-------+-------++-------
Melee: Flail             |   107 |    95 |       ||   202
       Headbutt          |    15 |    28 |     2 ||    45
       Hand axe          |       |    61 |    23 ||    84
  Use: Scroll            |     1 |     7 |       ||     8
       Potion            |       |     1 |       ||     1
 Stab: Paralysed         |       |     1 |       ||     1
  Eat: Ration            |     1 |     1 |       ||     2
Armor: Scale mail        |    71 |    58 |       ||   129
       Chain mail        |       |    30 |    13 ||    43
Dodge: Dodged            |    61 |    55 |     3 ||   119
Block: Shield            |   100 |   121 |    15 ||   236

Table legend:
 A = Spawn XP
 B = Non-spawn XP
 C = Spawn XP percentage of total XP
 D = Spawn monster count
 E = Non-spawn monster count
 F = Spawn count percentage of total count
 G = Total turns spent on level
                    A         B        C        D         E        F      G
               +---------+---------+-------+---------+---------+-------+---------
         Total |       0 |     775 |   0.0 |       0 |     104 |   0.0 |  2728
               +---------+---------+-------+---------+---------+-------+---------
           D:1 |       0 |      50 |   0.0 |       0 |      27 |   0.0 |   877
           D:2 |       0 |     169 |   0.0 |       0 |      39 |   0.0 |   702
           D:3 |       0 |     272 |   0.0 |       0 |      28 |   0.0 |   681
           D:4 |       0 |     284 |   0.0 |       0 |      10 |   0.0 |   468
               +---------+---------+-------+---------+---------+-------+---------
